 Dungeon Crawl Stone Soup version 0.27-a0-492-ga4bb394fd4 (webtiles) character file.

Game seed: 2675630147004892406

8764 Chiseanne the Fighter (level 11, -42/92 HPs)
             Began as a Demonspawn Wanderer on Mar 2, 2021.
             Was an Initiate of Gozag.
             Killed from afar by Jorgrun (68 damage)
             ... with an iron shot
             ... on level 1 of the Orcish Mines.
             The game lasted 00:26:00 (14242 turns).

Chiseanne the Fighter (Demonspawn Wanderer)        Turns: 14242, Time: 00:26:00

Health: -42/92     AC: 39    Str: 26    XL:     11   Next: 14%
Magic:  0/11       EV: 13    Int: 12    God:    Gozag
Gold:   611        SH: 15    Dex: 15    Spells: 10/10 levels left

rFire    . . .     SeeInvis .   a - +7 scimitar
rCold    . . .     Faith    .   g - +5 kite shield of the Poles {+Inv Str+5}
rNeg     . . .     Spirit   +   y - +4 scale mail of Xesuh {Rampage Will+ Str+3}
rPois    .         Reflect  .   (no helmet)
rElec    .         Harm     .   D - +0 cloak
rCorr    .         Rampage  +   l - +2 pair of gloves {Str+3}
Will     +....                  v - +1 pair of boots
Stlth    ..........             B - amulet of guardian spirit
HPRegen  0.25/turn              m - +4 ring of protection
MPRegen  0.12/turn              P - +4 ring of protection

@: mighty, sanguine armoured
A: talons 2, powered by death 1, sanguine armour 3
a: Renounce Religion, Evoke Invisibility, Potion Petition, Call Merchant, Bribe
Branch


You were on level 1 of the Orcish Mines.
You worshipped Gozag.
Gozag was pleased with you.
You visited 2 branches of the dungeon, and saw 12 of its levels.
You also visited: Sewer.

You collected 2039 gold pieces.
You spent 753 gold pieces at shops.
You paid 675 gold pieces to Gozag.

Inventory:

Hand Weapons
 a - a +7 scimitar (weapon)
 s - a +3 dagger of venom
 w - a +0 shortbow
Missiles
 c - 147 arrows
 p - 6 silver boomerangs
 r - 52 bolts
 u - 34 poisoned darts
 A - 8 boomerangs (quivered)
 L - 3 throwing nets
Armour
 b - a scarf of repulsion
 g - the +5 kite shield of the Poles (worn) {+Inv Str+5}
   (You bought it in a shop on level 7 of the Dungeon)

   It affects your strength (+5).
   It lets you turn invisible.
 l - a +2 pair of gloves of strength (worn)
 v - a +1 pair of boots (worn)
 y - the +4 scale mail of Xesuh (worn) {Rampage Will+ Str+3}
   (You bought it in a shop on level 7 of the Dungeon)

   It affects your strength (+3).
   It affects your willpower, your defense against some magical effects.
   It bestows one free step when moving towards enemies.
 z - +1 fire dragon scales
 D - a +0 cloak (worn)
Jewellery
 f - an amulet of regeneration
 m - a +4 ring of protection (left hand)
 x - a ring of wizardry
 B - an amulet of guardian spirit (around neck)
 H - a ring of fire
 P - a +4 ring of protection (right hand)
 T - a ring of protection from fire
Wands
 h - a wand of polymorph (5)
 F - a wand of iceblast (14)
 N - a wand of paralysis (17)
 O - a wand of random effects (15)
Scrolls
 i - 3 scrolls of enchant armour
 k - 2 scrolls of immolation
 n - 5 scrolls of teleportation
 J - a scroll of blinking
 R - a scroll of identify
 U - a scroll of magic mapping
Potions
 d - 4 potions of curing
 e - 2 potions of ambrosia
 j - a potion of mutation
 t - 3 potions of flight
 G - a potion of attraction {unknown}
 I - a potion of degeneration {unknown}
 K - a potion of cancellation {unknown}
 M - a potion of brilliance {unknown}
 Q - a potion of berserk rage {unknown}
 S - a potion of invisibility {unknown}


   Skills:
 * Level 10.7 Fighting
 - Level 1.0 Staves
 - Level 1.0 Throwing
 * Level 8.9 Armour
 * Level 9.2 Dodging
 - Level 1.0 Stealth
 * Level 3.2 Shields


You had 10 spell levels left.
You didn't know any spells.
Your spell library contained the following spells:

 Spells                   Type           Power        Failure   Level
 Irradiate                Conj/Tmut      0%           100%        5
 Hydra Form               Tmut           0%           100%        6
 Statue Form              Tmut/Erth      0%           100%        6
 Dragon Form              Tmut           0%           100%        7


Dungeon Overview and Level Annotations

Branches:
Dungeon (11/15)            Temple (0/1) D:5            Lair (0/6) D:10
    Orc (1/2) D:9           Sewer (visited)

Altars:
Cheibriados
Elyvilon
Gozag
Kikubaaqudgha
Makhleb
Nemelex Xobeh
Okawaru
Uskayaw
Vehumet
Wu Jian
Yredelemnul
The Shining One

Shops:
D:7 [

Annotations:
D:9 exclusions: ice statue and obsidian statue
Orc:1 Jorgrun


Innate Abilities, Weirdness & Mutations

You have razor-sharp toenails.
You regenerate a little health from kills.
When seriously injured, your bleeding wounds create very thick armour. (AC +12)


Message History

Jorgrun points at you and mumbles some strange words.
The iron shot hits you!! The grasping roots constrict you.
Jorgrun gestures at you while chanting. The iron shot hits you!
* * * LOW HITPOINT WARNING * * *
x2 The grasping roots constrict you!
You hear the slow rumble of a distant avalanche of rocks.
Jorgrun points at you and mumbles some strange words.
* * * LOW HITPOINT WARNING * * *
The grasping roots constrict you.
Your extra speed is starting to run out.
Jorgrun hits you but does no damage. The grasping roots constrict you.
The grasping roots release their grip on you.
Jorgrun hits you but does no damage.
Jorgrun hits you with a +0 vorpal quarterstaff!
* * * LOW HITPOINT WARNING * * *
x2 You turn to flesh and can move again.
You closely miss Jorgrun.
Jorgrun is heavily wounded.
Jorgrun hits you with a +0 vorpal quarterstaff.
* * * LOW HITPOINT WARNING * * *
x2 You feel better.
You completely miss Jorgrun.
Jorgrun is heavily wounded.
An orc comes into view. It is wielding a +0 morningstar.
You block Jorgrun's attack.
The orc moves out of view.
You slash Jorgrun!
Jorgrun is severely wounded.
You feel yourself slow down. Jorgrun hits you but does no damage. x2
You closely miss Jorgrun.
Jorgrun is severely wounded.
Jorgrun closely misses you.
You slash Jorgrun!
Jorgrun is severely wounded.
Jorgrun gestures at you while chanting. The iron shot hits you!!!
Ouch! That really hurt!
You die...
Your body crumbles into a pile of gold.

#... .........
#..##.##......
##........#....
#...<>........#
##.#..........
#...#..#....#..
#...#..$#......
##...#.g.#.....
#....$@......#
#....#.......##
##.#........##
##........##
##..#....#
#####...# ....
.....


You could see Jorgrun.

Vanquished Creatures
  A boulder beetle (D:8)
  Harold (D:8)
  An ugly thing (D:10)
  Psyche (D:8)
  A troll (D:9)
  Prince Ribbit (D:7)
  A hornet (D:11)
  2 wyverns
  A wraith (D:11)
  2 water moccasins
  5 orc warriors
  3 ice beasts
  A black bear (D:11)
  2 necrophages
  3 sky beasts
  3 centaurs
  3 ogres
  A phantom (D:10)
  2 kobold brigands
  4 bullfrogs
  3 scorpions
  A water moccasin skeleton (D:9)
  18 killer bees
  11 wights
  6 howler monkeys
  2 bullfrog zombies
  2 jellies
  5 orc priests
  9 hounds
  2 centaur skeletons
  3 iguanas
  7 orc wizards
  11 worker ants
  A hound zombie (D:10)
  A howler monkey zombie (D:7)
  A worker ant zombie (D:11)
  A gnoll (D:3)
  A river rat (D:5)
  21 adders
  2 shadow imps
  3 white imps
  2 ufetubi
  6 oozes
  An adder zombie (D:9)
  5 worms
  5 dart slugs
  10 leopard geckos
  34 orcs
  9 giant cockroaches
  10 goblins
  7 hobgoblins
  6 jackals
  19 kobolds
  7 quokkas
  12 ball pythons
  10 bats
  13 frilled lizards
  A goblin skeleton (D:7)
  A goblin zombie (D:7)
  A hobgoblin zombie (D:7)
  A jackal skeleton (D:4)
  A kobold skeleton (D:7)
  4 kobold zombies (D:7)
  A leopard gecko zombie (D:5)
  2 orc skeletons (D:7)
  A quokka skeleton (D:6)
  9 rats
328 creatures vanquished.

Vanquished Creatures (others)
  An orc (Orc:1)
  A quokka (D:11)
  3 plants (D:2)
5 creatures vanquished.

Grand Total: 333 creatures vanquished

Notes
Turn   | Place    | Note
-------+----------+-------------------------------------------
     0 | D:1      | Chiseanne the Demonspawn Wanderer began the quest for the
                  | Orb.
     0 | D:1      | Chiseanne set off with the following items: a +2
                  | quarterstaff, a +0 shortbow, 23 arrows, a potion of curing,
                  | a +0 robe
     0 | D:1      | Reached XP level 1. HP: 19/19 MP: 1/1
   254 | D:1      | Gained mutation: You regenerate a little health from kills.
                  | [demonic ancestry]
   254 | D:1      | Reached XP level 2. HP: 23/25 MP: 2/2
   642 | D:1      | Gained mutation: When seriously injured, your bleeding
                  | wounds create armour. (AC +12) [demonic ancestry]
   642 | D:1      | Reached XP level 3. HP: 31/31 MP: 3/3
  1689 | D:2      | Gained mutation: You have sharp toenails. [demonic
                  | ancestry]
  1689 | D:2      | Reached XP level 4. HP: 35/38 MP: 4/4
  1853 | D:2      | Reached skill level 5 in Fighting
  2363 | D:3      | Reached XP level 5. HP: 33/44 MP: 5/5
  2852 | D:3      | Found an ornate altar of the Wu Jian Council.
  3175 | D:3      | Gained mutation: You have razor-sharp toenails. [demonic
                  | ancestry]
  3175 | D:3      | Reached XP level 6. HP: 48/51 MP: 6/6
  3281 | D:3      | Found a radiant altar of Vehumet.
  3283 | D:3      | Found an iron altar of Okawaru.
  3283 | D:3      | Found an ancient bone altar of Kikubaaqudgha.
  3780 | D:4      | Found an opulent altar of Gozag.
  3786 | D:4      | Became a worshipper of Gozag Ym Sagoz the Greedy
  3876 | D:4      | Reached skill level 6 in Fighting
  4179 | D:4      | Reached XP level 7. HP: 57/58 MP: 7/7
  5226 | D:5      | Entered Level 5 of the Dungeon
  5292 | D:5      | Reached skill level 5 in Dodging
  5307 | D:5      | Found a glowing drain.
  5370 | Sewer    | Entered a sewer
  5556 | Sewer    | Gained mutation: When seriously injured, your bleeding
                  | wounds create thick armour. (AC +12) [demonic ancestry]
  5556 | Sewer    | Reached XP level 8. HP: 65/65 MP: 8/8
  5756 | Sewer    | Reached skill level 7 in Fighting
  5881 | D:5      | Found a basalt altar of Yredelemnul.
  5919 | D:5      | Found a burning altar of Makhleb.
  5971 | D:5      | Reached skill level 5 in Armour
  6601 | D:5      | Found a hide-covered altar of Uskayaw.
  6767 | D:5      | Found a staircase to the Ecumenical Temple.
  7151 | D:5      | Found a sparkling altar of Nemelex Xobeh.
  7908 | D:7      | Found a glowing golden altar of the Shining One.
  7944 | D:7      | Noticed Prince Ribbit
  8104 | D:7      | Killed Prince Ribbit
  8105 | D:7      | Reached skill level 8 in Fighting
  8142 | D:7      | Reached XP level 9. HP: 50/74 MP: 9/9
  9259 | D:8      | Noticed a boulder beetle
  9278 | D:7      | Bought a brightly glowing scale mail for 261 gold pieces
  9278 | D:7      | Identified the +4 scale mail of Xesuh {Rampage Will+ Str+3}
                  | (You bought it in a shop on level 7 of the Dungeon)
  9293 | D:7      | Bought a pair of embroidered gloves for 217 gold pieces
  9794 | D:8      | Killed a boulder beetle
  9795 | D:8      | Reached skill level 9 in Fighting
 10098 | D:8      | Found an ornate altar of the Wu Jian Council.
 10122 | D:8      | Noticed Psyche
 10136 | D:8      | Killed Psyche
 10317 | D:8      | Noticed Harold
 10343 | D:8      | Killed Harold
 10344 | D:8      | Gained mutation: When seriously injured, your bleeding
                  | wounds create very thick armour. (AC +12) [demonic
                  | ancestry]
 10344 | D:8      | Reached XP level 10. HP: 51/84 MP: 5/10
 10954 | D:9      | Found a snail-covered altar of Cheibriados.
 11043 | D:9      | Noticed an ice statue
 11308 | D:9      | Found a staircase to the Orcish Mines.
 11327 | D:9      | Reached skill level 10 in Fighting
 11566 | D:10     | Entered Level 10 of the Dungeon
 11790 | D:7      | Bought a crude kite shield for 275 gold pieces
 11790 | D:7      | Identified the +5 kite shield of the Poles {+Inv Str+5}
                  | (You bought it in a shop on level 7 of the Dungeon)
 11916 | D:9      | Reached skill level 1 in Shields
 12207 | D:9      | Noticed an obsidian statue
 12338 | D:9      | Found an iron altar of Okawaru.
 13115 | D:10     | Found a staircase to the Lair.
 13316 | D:11     | Noticed a red ugly thing
 13368 | D:10     | Killed a red ugly thing
 13369 | D:10     | Reached XP level 11. HP: 29/92 MP: 5/11
 13639 | D:11     | Noticed Maurice
 13849 | D:11     | Noticed Maurice
 13849 | D:11     | Maurice changed into Maurice the scorpion
 13858 | D:11     | Killed Maurice the scorpion
 14029 | D:11     | Found a white marble altar of Elyvilon.
 14105 | D:11     | Noticed a white ugly thing
 14105 | D:11     | Noticed a white ugly thing
 14192 | Orc:1    | Entered Level 1 of the Orcish Mines
 14195 | Orc:1    | Noticed Jorgrun
 14242 | Orc:1    | Killed from afar by Jorgrun

Illustrated notes

Levels and vault maps discovered:
D:1:      dpeg_arrival_refuge, layout_basic, minmay_misc_feat_tower
D:2:      layout_basic, serial_bayou_pond_c, chequers_hall_statues_wall_a,
          minmay_hexomino_u4
D:3:      layout_loops_ring, gammafunk_temple_overflow_claw,
          nzn_wu_jian_council_hall, dk_noncrumbling_2,
          small_statue_intersection, cheibrodos_gnoll_hut
D:4:      layout_basic, grunt_gozag_statues
D:5:      layout_layer_cave, lemuel_coloured_pillars_altar,
          makhleb_heckhound_becter, overflow_temple_1_default,
          minmay_temple_entry_statues_pillars, portal_sewer_entry_b,
          nemelex_lonely_heart_becter
D:6:      layout_cave_pools, roderic_roman_lattice, minivault_26
D:7:      layout_layer_cave, nicolae_tso_besieged_by_evil, uniq_prince_ribbit1
D:8:      layout_rooms, basic_altar, uniq_psyche, uniq_harold
D:9:      minmay_separated_statues, layout_small_grid, old_standard_altar,
          okawaru_gym_becter
D:10:     layout_layer_cave, lair_entry_dummy, enter_bailey_6
D:11:     layout_cave_pools, elyvilon_altar_4, uniq_maurice
Orc:1:    layout_caves, ebering_ghost_disaster_area, serial_shops,
          nicolae_shop_statue_plus, basic_altar, enter_volcano_1,
          uniq_gastronok, uniq_jorgrun, uniq_erica

Skill      XL: |  1  2  3  4  5  6  7  8  9 10 11 |
---------------+----------------------------------+-----
Dodging        | 2 3 4 5 6 8 9 |  9.2
Fighting       | 5 6 8 9 10 | 10.7
Armour         | 2 3 4 5 7 8 |  8.9
Shields        | 2 3 |  3.2
Staves         | |  1.0
Throwing       | |  1.0
Stealth        | |  1.0

Action                   |  1- 3 |  4- 6 |  7- 9 | 10-12 || total
-------------------------+-------+-------+-------+-------++-------
Melee: Quarterstaff      |   109 |   224 |   515 |    59 ||   907
       Kick              |       |    19 |       |       ||    19
       Dagger            |       |       |    64 |    99 ||   163
       War axe           |       |       |       |   215 ||   215
       Scimitar          |       |       |       |    61 ||    61
Throw: Dart              |       |       |    21 |       ||    21
       Boomerang         |       |       |     6 |       ||     6
       Stone             |       |       |     2 |       ||     2
Invok: Call Merchant     |       |       |     1 |       ||     1
Evoke: Wand              |       |       |     3 |     5 ||     8
  Use: Scroll            |       |       |    16 |     5 ||    21
       Potion            |       |       |     3 |     8 ||    11
 Stab: Invisible         |       |       |     2 |       ||     2
       Distracted        |       |       |       |     3 ||     3
       Paralysed         |       |       |       |     2 ||     2
Armor: Robe              |    13 |       |       |       ||    13
       Ring mail         |    49 |    13 |       |       ||    62
       Chain mail        |       |   144 |   427 |       ||   571
       Fire dragon scale |       |       |     4 |       ||     4
       Scale mail        |       |       |    28 |   294 ||   322
Dodge: Dodged            |   108 |   100 |   377 |   393 ||   978
       Repelled          |       |     1 |       |       ||     1
Block: Kite shield       |       |       |       |   413 ||   413
       Rpst.: Scimitar   |       |       |       |    11 ||    11

Table legend: (Time is in decaauts)
 A = Elapsed time spent in this place.
 B = Non-inter-level travel time spent in this place.
 C = Inter-level travel time spent in this place.
 D = Time resting spent in this place.
 E = Time spent auto-exploring this place.
 F = Levels seen in this place.
 G = Mean time per level.
                   A        B        C        D        E       F      G
               +--------+--------+--------+--------+--------+-----+--------+
         Total |  14737 |  14271 |    466 |   3115 |   7768 |  13 | 1133.6 |
       Dungeon |  14111 |  13645 |    466 |   3115 |   7645 |  11 | 1282.8 |
  Orcish Mines |     59 |     59 |      0 |      0 |      0 |   1 |   59.0 |
         Sewer |    566 |    566 |      0 |      0 |    123 |   1 |  566.0 |
               +--------+--------+--------+--------+--------+-----+--------+

Top non-repeatable levels by time:
     D:7: 1937 daAuts
     D:4: 1608 daAuts
     D:5: 1588 daAuts
    D:10: 1563 daAuts
     D:9: 1539 daAuts
     D:3: 1480 daAuts
     D:2: 1369 daAuts
     D:8: 1224 daAuts
     D:1: 868 daAuts
   Sewer: 566 daAuts
     D:6: 562 daAuts
    D:11: 368 daAuts
   Orc:1: 59 daAuts
